 Dungeon Crawl Stone Soup version 0.20.1-1-g8b1a95d (webtiles) character file.

2807 homeworkjunkie the Cleaver (level 9, -8/78 HPs)
             Began as a Hill Orc Fighter on Dec 3, 2017.
             Mangled by an orc warrior
             ... wielding a +0 glaive
              (15 damage)
             ... on level 10 of the Dungeon.
             The game lasted 00:11:19 (5754 turns).

homeworkjunkie the Cleaver (Hill Orc Fighter)       Turns: 5754, Time: 00:11:19

Health: -8/78      AC: 14    Str: 20    XL:     9   Next: 72%
Magic:  12/12      EV:  8    Int:  8    God:
Gold:   405        SH: 11    Dex: 12    Spells: 8/8 levels left

rFire    . . .     SeeInvis .   i - +2 hand axe (chop)
rCold    . . .     Gourm    +   c - +0 shield
rNeg     + . .     Faith    .   n - +1 plate armour
rPois    .         Spirit   .   (no helmet)
rElec    .         Reflect  .   (no cloak)
rCorr    .         Harm     .   (no gloves)
MR       .....                  (no boots)
Stlth    ..........             b - amulet of the gourmand
Regen    0.3/turn               h - +3 ring of evasion
MPRegen  0.2/turn               j - ring of positive energy

@: no status effects
A: no striking features
a: no special abilities


You were on level 10 of the Dungeon.
You were not hungry.

You visited 1 branch of the dungeon, and saw 10 of its levels.

You collected 405 gold pieces.

Inventory:

Hand Weapons
 i - a +2 hand axe of chopping (weapon)
Armour
 c - a +0 shield (worn)
 n - a +1 plate armour (worn)
Jewellery
 b - an amulet of the gourmand (around neck)
 h - a +3 ring of evasion (left hand)
 j - a ring of positive energy (right hand)
 r - an uncursed ring of flight
Wands
 l - a wand of flame (23/48)
Scrolls
 e - 3 scrolls of identify
 g - 2 scrolls of teleportation
 o - a scroll of remove curse
 p - a scroll of immolation
Potions
 d - 4 potions of magic
Comestibles
 f - a bread ration
 m - a meat ration


   Skills:
 * Level 6.9 Fighting
 * Level 9.7 Axes
 * Level 7.1 Armour
 + Level 0.4 Dodging
 + Level 0.1 Stealth
 * Level 7.4 Shields
 * Level 4.5 Evocations


You had 8 spell levels left.
You didn't know any spells.

Dungeon Overview and Level Annotations

Branches:
Dungeon (10/15)               Orc (0/2) D:10
 Temple: D:4-7         Lair: D:8-11

Altars:
Elyvilon
Gozag
Nemelex Xobeh
Qazlal
Zin
The Shining One

Shops:
D:10 ([

Annotations:
D:6 Anon1729's ghost, novice DDCK; Pikel


Message History

You hit the orc warrior but do no damage.
The orc warrior is almost dead.
You hit the crimson imp.
The crimson imp blinks!
The orc warrior barely misses you.
Your plate armour prevents you from hitting the orc warrior.
The orc warrior is almost dead.
You closely miss the orc warrior.
The orc warrior is almost dead.
The orc warrior barely misses you.
You completely miss the orc warrior.
The orc warrior is almost dead.
You block the orc warrior's attack.
Your shield and plate armour prevent you from hitting the orc warrior.
The orc warrior is almost dead.
You slash the crimson imp!
Your shield and plate armour prevent you from hitting the crimson imp.
The crimson imp is almost dead.
You hit the orc warrior.
The crimson imp blinks!
The orc warrior hits you with a glaive!
You die...

..... ## #.... ...
#...#############
...##.....#....5.....
.....................
..............$.....
#..=....)........
#..(....)o§.∩.>.∩
#..(.##.†@$?.....
#..<.###...$.....
#.....##.....!...
#....############
#....# #..... ......#
.......# .##....##


You could see an orc warrior and a crimson imp.

Vanquished Creatures
  Grinder (D:6)
  The ghost of schauveau the Skirmisher, an amateur GrBe of Trog (D:3)
  Duvessa (D:6)
  An orc warrior (D:10)
  A sky beast (D:6)
  3 phantoms
  A slave (D:5)
  2 ogres
  5 black bears
  A centaur (D:5)
  A bullfrog (D:6)
  Dowan (D:6)
  2 scorpions
  A killer bee (D:8)
  3 wights (D:6)
  2 crimson imps
  A hound (D:8)
  A bullfrog skeleton (D:6)
  3 orc priests
  4 iguanas
  6 orc wizards
  2 worker ants
  A hound skeleton (D:6)
  A worker ant zombie (D:6)
  8 gnolls
  7 adders
  2 shadow imps
  2 adder skeletons (D:4)
  A worm (D:2)
  A dart slug (D:2)
  7 leopard geckos
  21 orcs
  2 ball pythons
  4 giant cockroaches
  11 goblins
  4 hobgoblins
  7 jackals
  3 quokkas
  8 bats
  5 frilled lizards
  10 kobolds
  A quokka skeleton (D:3)
  5 rats
155 creatures vanquished.

Notes
Turn   | Place    | Note
-------+----------+-------------------------------------------
     0 | D:1      | homeworkjunkie the Hill Orc Fighter began the quest for the Orb.
     0 | D:1      | Reached XP level 1. HP: 19/19 MP: 1/1
   181 | D:2      | Found a stormy altar of Qazlal.
   210 | D:2      | Reached XP level 2. HP: 24/27 MP: 2/2
   433 | D:3      | Reached skill level 3 in Axes
   439 | D:3      | Reached XP level 3. HP: 31/33 MP: 3/3
   508 | D:3      | Reached XP level 4. HP: 36/40 MP: 4/4
   810 | D:2      | Found a glowing golden altar of the Shining One.
   944 | D:3      | Reached skill level 4 in Axes
  1126 | D:3      | Noticed schauveau's ghost (amateur GrBe)
  1139 | D:3      | Killed schauveau's ghost
  1139 | D:3      | Reached skill level 5 in Axes
  1139 | D:3      | Reached XP level 5. HP: 31/47 MP: 5/5
  1139 | D:3      | Reached XP level 6. HP: 35/53 MP: 6/6
  1190 | D:5      | Entered Level 5 of the Dungeon
  1543 | D:2      | Found a white marble altar of Elyvilon.
  2320 | D:1      | Reached skill level 1 in Evocations
  2581 | D:5      | Reached skill level 5 in Shields
  2581 | D:5      | Reached XP level 7. HP: 60/60 MP: 8/8
  2738 | D:4      | Reached skill level 5 in Fighting
  2834 | D:4      | Reached skill level 6 in Axes
  2845 | D:4      | Reached skill level 5 in Armour
  3191 | D:4      | Found a glowing silver altar of Zin.
  3192 | D:4      | Found an opulent altar of Gozag.
  3315 | D:5      | Reached XP level 8. HP: 40/68 MP: 8/10
  4074 | D:6      | Reached skill level 7 in Axes
  4218 | D:6      | Noticed Pikel
  4233 | D:6      | Noticed Anon1729's ghost (novice DDCK)
  4705 | D:6      | Reached skill level 8 in Axes
  4710 | D:6      | Reached XP level 9. HP: 56/75 MP: 11/11
  4819 | D:6      | Noticed Duvessa
  4844 | D:6      | Killed Duvessa
  4947 | D:6      | Noticed Dowan
  4955 | D:6      | Noticed Grinder
  4976 | D:6      | Killed Dowan
  4983 | D:6      | Killed Grinder
  4983 | D:6      | Reached skill level 9 in Axes
  5234 | D:7      | Found a white marble altar of Elyvilon.
  5575 | D:8      | Found a sparkling altar of Nemelex Xobeh.
  5717 | D:10     | Entered Level 10 of the Dungeon
  5721 | D:10     | Found Zopilaech's Weapon Shop.
  5723 | D:10     | Found a staircase to the Orcish Mines.
  5744 | D:10     | Found Qyakorch's Armour Shop.
  5754 | D:10     | Mangled by an orc warrior

Skill      XL: |  1  2  3  4  5  6  7  8  9 |
---------------+----------------------------+-----
Fighting       | 4 5 6 |  6.9
Axes           | 3 5 6 8 9 |  9.7
Armour         | 4 5 6 7 |  7.1
Shields        | 4 5 6 7 |  7.4
Evocations     | 1 2 3 4 |  4.5
Dodging        | |  0.4
Stealth        | |  0.1

Action                   |  1- 3 |  4- 6 |  7- 9 || total
-------------------------+-------+-------+-------++-------
Melee: War axe           |    63 |       |       ||    63
       Hand axe          |     6 |   125 |   368 ||   499
Evoke: Wand              |       |    26 |    20 ||    46
  Use: Scroll            |     2 |     6 |     5 ||    13
       Potion            |       |     4 |     8 ||    12
  Eat: Bread ration      |       |     2 |     1 ||     3
       Meat ration       |       |       |     1 ||     1
Armor: Scale mail        |    34 |    16 |       ||    50
       Plate armour      |       |    34 |   184 ||   218
Dodge: Dodged            |    22 |    45 |   108 ||   175
Block: Shield            |    39 |    54 |   221 ||   314
